AoeStats
← Tunga

Arabia

507583953Analyzed
1v1 RM · 14d ago on Sep 18, 2026· 64m 40s· 2 players
Game mode
Random Map
Map size
Tiny (2 player)
Population
200
Speed
Normal
Resources
Standard
Victory
Conquest
Starting age
Dark Age
Ending age
Imperial Age
RankedLock teamsTeams togetherTeam positionsShared explorationLock speedFull tech treeHidden civsTurbo modeCheats
Victory
Defeat
🇦🇷 Khmer · Argentina
742
+15
🇹🇷 Inca · Türkiye
710
-15
Tunga
11:43 Feudal Age
9:59 Loom
13:02 Wheelbarrow
12:47 Double-Bit Axe
12:43 Horse Collar
17:50 Champi Runner
24:18 Castle Age
24:08 Scale Mail Armor
24:19 Forging
24:49 Gold Mining
25:10 Champi Warrior
26:34 Hand Cart
26:33 Pikeman
29:46 Andean Sling
33:20 Squires
35:05 Chain Mail Armor
35:25 Iron Casting
35:03 Heavy Plow
36:14 Padded Archer Armor
36:04 Fletching
43:15 Imperial Age
41:42 Leather Archer Armor
41:22 Bodkin Arrow
42:27 Gold Shaft Mining
45:50 Plate Mail Armor
46:23 Blast Furnace
57:59 Ring Archer Armor
57:29 Bracer
gonnalonso90
5:42 Loom
10:38 Feudal Age
18:29 Castle Age
25:58 Double-Bit Axe
26:13 Gold Mining
28:12 Horse Collar
29:41 Pikeman
34:59 Gold Shaft Mining
34:15 Stone Mining
38:59 Imperial Age
37:02 Scale Barding Armor
38:31 Scale Mail Armor
38:42 Forging
41:33 Chemistry
41:11 Padded Archer Armor
41:02 Fletching
41:48 Iron Casting
41:34 Chain Barding Armor
41:30 Chain Mail Armor
44:04 Bow Saw
44:33 Wheelbarrow
43:37 Halberdier
46:03 Stone Shaft Mining
45:40 Heavy Plow
46:27 Ballistics
48:36 Plate Barding Armor
49:01 Blast Furnace
47:57 Bodkin Arrow
48:18 Leather Archer Armor
48:47 Hand Cart
49:51 Double Crossbow
50:07 Heavy Scorpion
51:06 Cavalier
53:02 Siege Engineers
60:15 Arson
60:34 Husbandry
63:53 Elite Battle Elephant
Connection lost

Rejoining the realm…

Still unreachable

The connection could not be restored.

Session expired

The server has moved on; the page needs a fresh start.